 Dungeon Crawl Stone Soup version 0.30-a0-696-g2367cd04db (webtiles) character file.

Game seed: 14748510051367058951

22001 bmack86 the Cleaver (level 12, -10/108 HPs)
             Began as a Minotaur Fighter on Jan 20, 2023.
             Was a High Priest of Okawaru.
             Mangled by a cane toad (20 damage)
             ... on level 4 of the Lair of Beasts.
             The game lasted 00:34:38 (12300 turns).

bmack86 the Cleaver (Minotaur Fighter)             Turns: 12300, Time: 00:34:39

Health: -10/108    AC: 29    Str: 25    XL:     12   Next: 59%
Magic:  15/15      EV:  7    Int:  5    God:    Okawaru [*****.]
Gold:   341        SH:  6    Dex: 11    Spells: 11/11 levels left

rFire   + + .      SeeInvis .    y - +1 broad axe
rCold   . . .      Faith    .    c - +0 buckler
rNeg    . . .      Spirit   .    K - +3 plate armour {rF+}
rPois   .          Reflect  .    (helmet restricted)
rElec   +          Harm     +    x - +0 cloak
rCorr   .          Rampage  .    J - +1 pair of gloves of Japt {-Cast Harm rElec}
Will    .....      NoCast   +    l - +2 pair of boots Stlth
                                 F - amulet of regeneration
HPRegen 1.18/turn                d - ring of protection from fire
MPRegen 0.14/turn                P - +4 ring of protection

@: lethally poisoned (-10 -> -15)
A: horns 2, retaliatory headbutt
a: Renounce Religion, Heroism, Finesse, Duel


You were on level 4 of the Lair of Beasts.
You worshipped Okawaru.
Okawaru was extremely pleased with you.
You visited 2 branches of the dungeon, and saw 16 of its levels.

You collected 881 gold pieces.
You spent 540 gold pieces at shops.

Inventory:

Hand Weapons
 b - a +2 hand axe of flaming
 q - a +2 heavy hand axe
 y - a +1 broad axe (weapon)
 D - a +2 war axe of electrocution
Missiles
 p - 2 boomerangs (quivered)
 u - 11 poisoned darts
 E - 4 curare-tipped darts
 L - 3 silver javelins
 N - 6 javelins
Armour
 c - a +0 buckler (worn)
 f - a +1 pair of gloves
 l - a +2 pair of boots (worn)
 x - a +0 cloak (worn)
 J - the +1 pair of gloves of Japt (worn) {-Cast Harm rElec}
   (Okawaru gifted it to you on level 2 of the Lair of Beasts)

   rElec:     It insulates you from electricity.
   -Cast:     It prevents spellcasting.
   Harm:      It increases damage dealt and taken.
 K - a +3 plate armour of fire resistance (worn)
 S - a scarf of harm
Jewellery
 d - a ring of protection from fire (left hand)
 e - an amulet of guardian spirit
 A - a ring of ice
 F - an amulet of regeneration (around neck)
 H - an amulet of the acrobat
 O - an amulet of magic regeneration
 P - a +4 ring of protection (right hand)
Wands
 G - a wand of mindburst (5)
Scrolls
 g - 7 scrolls of vulnerability
 r - 3 scrolls of poison
 s - a scroll of teleportation
 C - a scroll of magic mapping
 I - a scroll of blinking
 Q - a scroll of fear
Potions
 h - 4 potions of haste
 i - 3 potions of attraction
 j - a potion of berserk rage
 k - 8 potions of curing
 m - 4 potions of magic
 n - a potion of lignification
 o - 4 potions of heal wounds
 t - 2 potions of might
 v - a potion of mutation {unknown}
 w - 4 potions of flight
 z - a potion of invisibility {unknown}
 B - 2 potions of brilliance
 M - 2 potions of cancellation
 R - 2 potions of resistance {unknown}
Miscellaneous
 a - a piece from Xom's chessboard (15/15)


   Skills:
 + Level 10.9 Fighting
 * Level 14.5 Axes
 + Level 6.7 Throwing
 + Level 10.9 Armour
 + Level 11.1 Shields
 + Level 6.4 Invocations


You had 11 spell levels left.
You didn't know any spells.
Your spell library contained the following spells:

 Spells                   Type           Power      Damage    Failure   Level
 Freeze                   Ice            0%         1d3       99%         1
 Cigotuvi's Dreadful Rot  Necr/Pois/Air  0%         N/A       100%        2
 Lesser Beckoning         Tloc           0%         N/A       100%        2
 Frozen Ramparts          Ice            0%         1d1       100%        3
 Gell's Gravitas          Tloc           0%         N/A       100%        3
 Hailstorm                Conj/Ice       0%         3d3       100%        3
 Inner Flame              Hex/Fire       0%         N/A       100%        3
 Portal Projectile        Hex/Tloc       0%         N/A       100%        3
 Teleport Other           Tloc           0%         N/A       100%        3
 Blade Hands              Tmut           0%         N/A       100%        5
 Chain Lightning          Conj/Air       0%         N/A       100%        9
 Fire Storm               Conj/Fire      0%         5d1       100%        9
 Shatter                  Erth           0%         3d5*      100%        9
 Tukima's Dance           Hex            Unusable   N/A       N/A         3

Dungeon Overview and Level Annotations

Branches:
Dungeon (11/15)            Temple (0/1) D:7            Lair (5/5) D:11
 Spider (0/4) Lair:2          Orc (0/2) D:10
  Swamp: Lair:2-3    Shoals: Lair:2-3     Slime: Lair:4-5

Altars:
Dithmenos
Hepliaklqana
Kikubaaqudgha
Okawaru
Qazlal
Ru
Sif Muna
Vehumet
Wu Jian
Zin

Shops:
D:1 [   D:4 (   D:6 (   D:9 :!   D:10 =

Annotations:
D:4 3 runed translucent doors, acebull12's ghost, amateur MiFi
D:8 2 runed translucent doors, superbruh's ghost, novice MiMo


Innate Abilities, Weirdness & Mutations

You have a pair of horns on your head.
You reflexively headbutt those who attack you in melee.


Message History

You block the eight-headed hydra's attack.
The eight-headed hydra closely misses you.
You block the eight-headed hydra's attack.
The eight-headed hydra barely misses you.
The eight-headed hydra bites you!
* * * LOW HITPOINT WARNING * * *
The blink frog blinks!
Found a twisted leather armour.
The cane toad barely misses you.
The eight-headed hydra attacks as you move away!
You block the eight-headed hydra's attack.
The eight-headed hydra bites you but does no damage. x2
You block the eight-headed hydra's attack.
The eight-headed hydra bites you but does no damage.
The eight-headed hydra barely misses you.
You block the eight-headed hydra's attack. x2
Your surroundings suddenly seem different. 2 cane toads and 2 komodo dragons come into view.
Found a stone staircase leading up.
The cane toad croaks.
The komodo dragon hisses angrily. x2
A nearby plant withers and dies.
You feel much better.
You feel much better. The cane toad stings you!
You block the komodo dragon's attack. The cane toad closely misses you.
You slash the cane toad!
The cane toad is moderately wounded.
You barely miss the cane toad. You hit the komodo dragon.
A nearby fungus withers and dies.
The cane toad stings you!
* * * LOW HITPOINT WARNING * * *
You are poisoned.
The cane toad poisons you! The komodo dragon bites you!
* * * LOW HITPOINT WARNING * * *
The cane toad barely misses you. You furiously retaliate!
You headbutt the cane toad. You slash the cane toad!
Your headbutt misses the cane toad.
The cane toad is severely wounded.
You hit the komodo dragon. You closely miss the cane toad.
You feel very sick.
The cane toad stings you but does no damage.
The cane toad stings you!
You die...

#.. #.P...
... .#....
.... #.....
..... .
##.P..# ...
....<#
....###...#
.......F..#
#...l@#
#..#..F#
##.l. ....#
#.....
###....
##... ..#.


You could see 2 komodo dragons and 2 cane toads.

Vanquished Creatures
  2 hydras (Lair:5)
  6 death yaks (Lair:2)
  4 two-headed ogres
  An orb spider (Lair:2)
  A lindwurm (Lair:5)
  A cyclops (D:11)
  2 cane toads
  9 komodo dragons
  2 trolls
  3 blink frogs (Lair:4)
  15 yaks
  A wraith (D:11)
  Eustachio (D:4)
  2 basilisks
  4 steam dragons
  2 wargs (D:11)
  Duvessa (D:7)
  7 water moccasins
  5 sky beasts
  4 ice beasts
  5 orc warriors
  3 black bears
  3 ogres
  4 wolves (Lair:5)
  4 centaurs
  A phantom (D:6)
  A necrophage (D:4)
  7 bullfrogs
  2 scorpions (D:6)
  Dowan (D:7)
  14 wights
  6 killer bees
  2 howler monkeys
  An electric eel (Lair:1)
  4 hounds
  4 orc priests
  A gnoll bouda (D:9)
  2 jellies
  9 orc wizards
  14 iguanas
  5 gnolls
  12 adders
  A white imp (D:8)
  5 ufetubi
  A worm (D:4)
  5 dart slugs
  41 orcs
  5 endoplasms (D:4)
  2 giant cockroaches (D:1)
  9 goblins
  3 hobgoblins
  9 jackals
  6 quokkas
  6 ball pythons
  4 bats
  18 frilled lizards
  9 kobolds
  8 rats
310 creatures vanquished.

Vanquished Creatures (collateral kills)
  A shadow imp (D:7)
1 creature vanquished.

Vanquished Creatures (others)
  11 fungi
  28 plants
39 creatures vanquished.

Grand Total: 350 creatures vanquished

Notes
Turn   | Place    | Note
-------+----------+-------------------------------------------
     0 | D:1      | bmack86 the Minotaur Fighter began the quest for the Orb.
     0 | D:1      | Reached XP level 1. HP: 19/19 MP: 0/0
    37 | D:1      | Found Uxzush's Armour Shop.
   146 | D:1      | Reached XP level 2. HP: 27/27 MP: 1/1
   310 | D:1      | Reached skill level 3 in Axes
   722 | D:2      | Reached XP level 3. HP: 33/33 MP: 2/2
   760 | D:2      | Found a faded altar of an unknown god.
  1168 | D:2      | Found a shadowy altar of Dithmenos.
  1424 | D:3      | Reached XP level 4. HP: 40/40 MP: 3/3
  1940 | D:3      | Reached skill level 4 in Axes
  2182 | D:4      | Noticed Eustachio
  2196 | D:4      | Killed Eustachio
  2197 | D:4      | Reached skill level 5 in Axes
  2197 | D:4      | Reached XP level 5. HP: 21/47 MP: 1/4
  2314 | D:4      | Reached XP level 6. HP: 54/55 MP: 5/5
  2358 | D:4      | Reached skill level 5 in Shields
  2361 | D:4      | Reached skill level 5 in Fighting
  2361 | D:4      | Reached skill level 5 in Armour
  2501 | D:4      | Found a runed translucent gate.
  2501 | D:4      | Found a runed translucent gate.
  2504 | D:4      | Found a runed translucent gate.
  2508 | D:4      | Noticed acebull12's ghost (amateur MiFi)
  2558 | D:4      | Reached skill level 6 in Axes
  2558 | D:4      | Reached XP level 7. HP: 46/61 MP: 4/6
  2766 | D:4      | Found Ucekhefe's Antique Weapon Emporium.
  3199 | D:5      | Entered Level 5 of the Dungeon
  3574 | D:5      | Reached skill level 7 in Axes
  3896 | D:5      | Reached XP level 8. HP: 70/70 MP: 7/7
  4280 | D:6      | Reached skill level 8 in Axes
  4325 | D:6      | Found Ruruocur's Antique Weapon Shoppe.
  4494 | D:6      | Reached skill level 9 in Axes
  4507 | D:6      | Reached XP level 9. HP: 42/79 MP: 4/8
  4921 | D:7      | Noticed Dowan
  4922 | D:7      | Noticed Duvessa
  4934 | D:7      | Reached skill level 1 in Throwing
  4936 | D:7      | Killed Dowan
  4943 | D:7      | Killed Duvessa
  5167 | D:7      | Found a hazy altar of Hepliaklqana.
  5172 | D:7      | Found a shadowy altar of Dithmenos.
  5182 | D:7      | Found an ancient bone altar of Kikubaaqudgha.
  5186 | D:7      | Found a radiant altar of Vehumet.
  5189 | D:7      | Found a glowing silver altar of Zin.
  5196 | D:7      | Found an iron altar of Okawaru.
  5203 | D:7      | Became a worshipper of Warmaster Okawaru
  5611 | D:7      | Found a staircase to the Ecumenical Temple.
  5688 | D:8      | Reached skill level 10 in Axes
  5805 | D:8      | Found a stormy altar of Qazlal.
  5812 | D:8      | Reached skill level 1 in Invocations
  6188 | D:8      | Found a large runed translucent door.
  6209 | D:8      | Found a large runed translucent door.
  6211 | D:8      | Noticed superbruh's ghost (novice MiMo)
  6219 | D:8      | Reached * piety under Okawaru
  6500 | D:8      | Found a sacrificial altar of Ru.
  6866 | D:9      | Found Ucsi's Distillery.
  7057 | D:9      | Reached XP level 10. HP: 81/88 MP: 7/10
  7059 | D:9      | Reached ** piety under Okawaru
  7065 | D:9      | Reached skill level 11 in Axes
  7437 | D:9      | Noticed a two-headed ogre
  7444 | D:9      | Killed a two-headed ogre
  7537 | D:9      | Reached *** piety under Okawaru
  7571 | D:9      | Received a gift from Okawaru
  7588 | D:9      | Found Etoluj's Self-Improvement Boutique.
  7862 | D:9      | Found a shimmering blue altar of Sif Muna.
  7956 | D:10     | Entered Level 10 of the Dungeon
  7956 | D:10     | Noticed a two-headed ogre
  7960 | D:10     | Killed a two-headed ogre
  8006 | D:10     | Found Uciumast's Jewellery Shoppe.
  8063 | D:10     | Reached **** piety under Okawaru
  8064 | D:10     | Reached skill level 12 in Axes
  8103 | D:10     | Reached XP level 11. HP: 93/97 MP: 13/13
  8206 | D:10     | Got the Disquisition on the Dose and Soot
  8405 | D:10     | Found an ornate altar of the Wu Jian Council.
  8600 | D:10     | Found a staircase to the Orcish Mines.
  8939 | D:1      | Bought a +3 plate armour of fire resistance for 540 gold
                  | pieces
  9187 | D:11     | Received a gift from Okawaru
  9221 | D:11     | Noticed a two-headed ogre
  9228 | D:11     | Killed a two-headed ogre
  9268 | D:11     | Found a staircase to the Lair.
  9344 | D:11     | Noticed a two-headed ogre
  9353 | D:11     | Killed a two-headed ogre
  9353 | D:11     | Reached ***** piety under Okawaru
  9496 | D:11     | Reached skill level 5 in Throwing
  9773 | Lair:1   | Entered Level 1 of the Lair of Beasts
  9900 | Lair:1   | Received a gift from Okawaru
 10072 | Lair:1   | Reached skill level 10 in Shields
 10517 | Lair:1   | Reached skill level 13 in Axes
 10521 | Lair:1   | Reached skill level 5 in Invocations
 10908 | Lair:2   | Reached skill level 10 in Fighting
 10908 | Lair:2   | Reached skill level 10 in Armour
 11200 | Lair:2   | Noticed a death yak
 11203 | Lair:2   | Noticed a death yak
 11205 | Lair:2   | Noticed a death yak
 11207 | Lair:2   | Noticed a death yak
 11210 | Lair:2   | Noticed a death yak
 11216 | Lair:2   | Killed a death yak
 11216 | Lair:2   | Noticed a death yak
 11230 | Lair:2   | Killed a death yak
 11235 | Lair:2   | Killed a death yak
 11235 | Lair:2   | Identified the +1 pair of gloves of Japt {-Cast Harm rElec}
                  | (Okawaru gifted it to you on level 2 of the Lair of Beasts)
 11235 | Lair:2   | Received a gift from Okawaru
 11236 | Lair:2   | Reached XP level 12. HP: 77/106 MP: 7/15
 11237 | Lair:2   | Killed a death yak
 11253 | Lair:2   | Killed a death yak
 11264 | Lair:2   | Killed a death yak
 11499 | Lair:2   | Found a hole to the Spider Nest.
 11912 | Lair:2   | Reached skill level 14 in Axes
 12203 | Lair:3   | You fall into a shaft and drop 2 floors!
 12203 | Lair:5   | Entered Level 5 of the Lair of Beasts
 12203 | Lair:5   | Noticed an eight-headed hydra
 12210 | Lair:5   | Noticed a five-headed hydra
 12216 | Lair:5   | Killed a four-headed hydra
 12226 | Lair:5   | Killed a one-headed hydra
 12285 | Lair:4   | Noticed a seven-headed hydra
 12294 | Lair:4   | HP: 5/108 [eight-headed hydra (8)]
 12300 | Lair:4   | Mangled by a cane toad

Illustrated notes

Levels and vault maps discovered:
D:1:      dpeg_arrival_simpleton_c, layout_basic, serial_shops,
          nicolae_diamond_shop
D:2:      layout_basic, basic_altar, chequers_ecumenical_altar_island
D:3:      layout_basic, serial_bayou_pond_a, kennysheep_generic_room_4
D:4:      minmay_chambers_of_fours, layout_loops_ring,
          gammafunk_ghost_necromancy, serial_shops, shop_statue, serial_glass,
          glass_columns_a, glass_columns_a, minmay_tree_intersection,
          uniq_eustachio
D:5:      nicolae_cairo_tiling_large_dashed, layout_cave_pods
D:6:      layout_rooms, serial_shops, nicolae_take_the_stairs,
          minmay_joined_circles
D:7:      layout_gridville, nicolae_overflow_hallway_of_the_gods,
          minmay_temple_entry_drinking_statues, minmay_strange_pillars,
          uniq_duvessa
D:8:      layout_basic, mainiacjoe_overflow_cross_hatched,
          nicolae_ru_great_annihilating_truth, ebering_ghost_disaster_area,
          minmay_puff
D:9:      layout_loops_ring, lemuel_blue_sif_altar, serial_shops,
          shop_fountains, minmay_misc_feat_ornament, nicolae_shop_self_help
D:10:     layout_small_grid, nicolae_wu_jian_immortal_techniques, orc_0_dummy,
          serial_shops, shop, hangedman_misty_isle
D:11:     layout_basic, erik_lair_orcish_takeover
Lair:1:   layout_cave_pods, serial_bayou_lagoon_a, serial_bayou_pond_d
Lair:2:   lemuel_reptile_caves, layout_concentric_octagons,
          nicolae_spider_entry_orb_guardian
Lair:3:   layout_regular_city, palyth_hydra_swamp_entry,
          eino_small_chamber_without_monster, small_statue_intersection,
          lemuel_fruit_tree
Lair:4:   layout_concentric_octagons, infiniplex_staircase_pool,
          grunt_megastairs_5
Lair:5:   grunt_lair_end_beastmaster, layout_regular_city,
          nicolae_slime_entry_field_trip, fungi_pond_lemuel

Skill      XL: |  1  2  3  4  5  6  7  8  9 10 11 12 |
---------------+-------------------------------------+-----
Axes           | 3 5 6 7 9 10 12 13 14 | 14.5
Fighting       | 4 5 6 7 8 9 10 | 10.9
Armour         | 4 5 6 7 8 9 10 | 10.9
Shields        | 4 5 6 7 8 9 10 11 | 11.1
Throwing       | 2 4 5 6 |  6.7
Invocations    | 2 4 5 6 |  6.4

Action                   |  1- 3 |  4- 6 |  7- 9 | 10-12 || total
-------------------------+-------+-------+-------+-------++-------
Melee: War axe           |    76 |    86 |   162 |     6 ||   330
       Headbutt          |     8 |    15 |    45 |   102 ||   170
       Broad axe         |       |       |   127 |   412 ||   539
       Hand axe          |       |       |       |    18 ||    18
Invok: Heroism           |       |       |       |     2 ||     2
       Finesse           |       |       |       |     1 ||     1
  Use: Scroll            |     1 |     5 |    12 |    10 ||    28
       Potion            |       |       |     1 |     2 ||     3
 Stab: Paralysed         |       |       |     2 |       ||     2
Armor: Scale mail        |    50 |    32 |    12 |       ||    94
       Chain mail        |       |       |   206 |    93 ||   299
       Plate armour      |       |       |       |   228 ||   228
Dodge: Dodged            |    49 |    48 |   144 |   151 ||   392
Block: Buckler           |    18 |    21 |    83 |   132 ||   254

Table legend: (Time is in decaauts)
 A = Elapsed time spent in this place.
 B = Non-inter-level travel time spent in this place.
 C = Inter-level travel time spent in this place.
 D = Time resting spent in this place.
 E = Time spent auto-exploring this place.
 F = Levels seen in this place.
 G = Mean time per level.
                   A        B        C        D        E       F      G
               +--------+--------+--------+--------+--------+-----+--------+
         Total |  12420 |  11495 |    925 |    627 |   7004 |  16 |  776.2 |
       Dungeon |   9897 |   9087 |    810 |    474 |   5599 |  11 |  899.7 |
          Lair |   2523 |   2408 |    115 |    153 |   1405 |   5 |  504.6 |
               +--------+--------+--------+--------+--------+-----+--------+

Top non-repeatable levels by time:
  Lair:2: 1350 daAuts
     D:9: 1273 daAuts
     D:8: 1124 daAuts
     D:5: 1113 daAuts
     D:4: 1056 daAuts
  Lair:1: 994 daAuts
     D:3: 980 daAuts
     D:7: 817 daAuts
    D:10: 811 daAuts
     D:2: 787 daAuts
     D:6: 699 daAuts
    D:11: 623 daAuts
     D:1: 609 daAuts
  Lair:3: 93 daAuts
  Lair:5: 53 daAuts
